 Dungeon Crawl Stone Soup version 0.30-a0-782-ge64f9170bb (webtiles) character file.

Game seed: 11605707976358278923

2931 arthad the Summoner (level 9, -14/40 HPs)
             Began as a Felid Summoner on Feb 19, 2023.
             Was an Initiate of Gozag.
             Demolished by a boulder beetle (28 damage)
             ... on level 11 of the Dungeon.
             The game lasted 01:21:01 (12154 turns).

arthad the Summoner (Felid Summoner)               Turns: 12154, Time: 01:21:02

Health: -14/40     AC:  2    Str:  4    XL:     9   Next: 50%
Magic:  0/21       EV: 21    Int: 20    God:    Gozag
Gold:   2380       SH:  0    Dex: 18    Spells: 2/23 levels left
                                        Lives:  0   Deaths: 3

rFire   . . .      SeeInvis +      - Unarmed
rCold   . . .      Faith    .    (shield unavailable)
rNeg    . . .      Spirit   .    (body armour unavailable)
rPois   .          Reflect  .    (helmet unavailable)
rElec   .          Harm     .    (cloak unavailable)
rCorr   .          Rampage  .    (gloves unavailable)
Will    +....                    (boots unavailable)
Stlth   ++                       f - amulet of the acrobat
HPRegen 0.26/turn                (no ring)
MPRegen 0.17/turn                (no ring)

@: on blink cooldown, quick
A: very small, claws 1, fangs 3, see invisible, speed 1, shaggy fur 2, stealthy
paws, no weapons or thrown items, no armour, multi-lived
a: Renounce Religion, Potion Petition, Call Merchant, Bribe Branch


You were on level 11 of the Dungeon.
You worshipped Gozag.
Gozag was most pleased with you.
You visited 2 branches of the dungeon, and saw 12 of its levels.
You also visited: Ossuary.

You collected 2561 gold pieces.
You paid 181 gold pieces to Gozag.

Inventory:

Hand Weapons
 t - the +7 sceptre of Torment {pain, torment}
   (You found it on level 7 of the Dungeon)
 A - the +7 shortbow of the Shoals {drain, Fly Str+2 Stlth+}
   (You found it on level 8 of the Dungeon)

   Str:       It affects your strength (+2).
   Fly:       It grants you flight.
   Stlth:     It makes you more stealthy.
Jewellery
 f - an amulet of the acrobat (around neck)
Wands
 l - a wand of quicksilver (6)
 m - a wand of flame (8)
 x - a wand of iceblast (18)
 y - a wand of digging (5)
 z - a wand of charming (11)
Scrolls
 c - a scroll of noise
 e - 2 scrolls of fear
 h - 3 scrolls of identify
 j - 3 scrolls of vulnerability
 n - 2 scrolls of fog
 q - a scroll of blinking {unknown}
 u - 3 scrolls of enchant weapon {unknown}
 v - a scroll of magic mapping {unknown}
 C - a scroll of teleportation
 D - 2 scrolls of amnesia
 E - a scroll of silence {unknown}
 I - a scroll of poison {unknown}
Potions
 a - 3 potions of magic
 b - 8 potions of curing
 d - 3 potions of degeneration
 g - 4 potions of cancellation
 i - a potion of invisibility
 k - 4 potions of attraction
 o - 2 potions of ambrosia
 r - a potion of brilliance
 w - a potion of resistance
 B - 2 potions of lignification
 G - a potion of haste {unknown}
 H - a potion of berserk rage
Miscellaneous
 F - a lightning rod (4/4)


   Skills:
 + Level 4.8 Fighting
 + Level 7.2 Dodging
 - Level 2.6 Stealth
 + Level 4.8 Unarmed Combat
 * Level 7.5 Spellcasting
 - Level 5.0 Hexes
 * Level 9.3 Summonings
 + Level 7.0 Translocations
 * Level 4.4 Transmutations
 * Level 5.2 Air Magic
 + Level 2.5 Evocations


You had 2 spell levels left.
You knew the following spells:

 Your Spells              Type           Power      Damage    Failure   Level
a - Manifold Assault      Tloc           35%        N/A       4%          4
b - Call Imp              Summ           44%        N/A       1%          2
c - Call Canine Familiar  Summ           44%        N/A       1%          3
d - Summon Guardian Gole  Hex/Summ       36%        N/A       1%          3
e - Blink                 Tloc           70%        N/A       1%          2
f - Summon Lightning Spi  Summ/Air       36%        N/A       4%          4
g - Tukima's Dance        Hex            27%        N/A       3%          3

Your spell library contained the following spells:

 Spells                   Type           Power      Damage    Failure   Level
 Beastly Appendage        Tmut           50%        N/A       1%          1
 Summon Small Mammal      Summ           100%       N/A       1%          1
 Lesser Beckoning         Tloc           70%        N/A       1%          2
 Wereblood                Tmut           25%        N/A       2%          2
 Momentum Strike          Conj/Tloc      42%        3d9       3%          2
 Scorch                   Fire           14%        2d6       14%         2
 Spider Form              Tmut/Pois      16%        N/A       11%         3
 Summon Cactus Giant      Summ           22%        N/A       30%         6
 Blade Hands              Tmut           12%        N/A       38%         5
 Flame Wave               Conj/Fire      7%         2d5       65%         4
 Storm Form               Tmut/Air       13%        N/A       100%        7
 Portal Projectile        Hex/Tloc       Unusable   N/A       N/A         3

Dungeon Overview and Level Annotations

Branches:
Dungeon (11/15)            Temple (1/1) D:6         Ossuary (visited)
   Lair: D:8-11         Orc: D:9-12

Altars:
Ashenzari
Cheibriados
Dithmenos
Elyvilon
Fedhas
Gozag
Hepliaklqana
Kikubaaqudgha
Makhleb
Nemelex Xobeh
Okawaru
Qazlal
Ru
Sif Muna
Trog
Uskayaw
Vehumet
Wu Jian
Xom
Yredelemnul
Zin
The Shining One

Annotations:
D:10 1 transporter


Innate Abilities, Weirdness & Mutations

You have sharp claws.
You have razor-sharp teeth.
You have supernaturally acute eyesight. (SInv)
You cover ground quickly. (Speed+)
You are covered in thick fur. (AC +2)
Your paws help you pounce on unaware monsters.
You are incapable of wielding weapons or throwing items.
You cannot wear armour.
You gain extra lives every three experience levels.


Message History

Gang up on whom?
Press: ? - help, Dir - move target, f/p - boulder beetle
Aim: a boulder beetle (lightly wounded, ally target) Attack!
The boulder beetle bites your lightning spire!!
Your lightning spire is destroyed!
Your lightning spire disappears in a puff of smoke!
Casting: Summon Lightning Spire (dangerous; 4% risk of failure)
Confirm with . or Enter, or press ? or * to list all spells.
You blink.
Your guardian golem overheats!
The boulder beetle leaps!
Casting: Blink (safe; 1% risk of failure)
Confirm with . or Enter, or press ? or * to list all spells.
You don't have enough magic to cast this spell.
Aiming: Charm
Press: ? - help, Shift-Dir - straight line, f/p - boulder beetle
Aim: a boulder beetle (lightly wounded, ally target, chance to affect: 37%)
Okay, then.
Aiming: Iceblast
Press: ? - help, Shift-Dir - straight line, f/p - boulder beetle
Aim: a boulder beetle (lightly wounded, ally target)
The mass of ice explodes!
The iceblast engulfs the boulder beetle!!
The boulder beetle is moderately wounded.
You feel stable enough to blink again.
The boulder beetle leaps!
Aiming: Quicksilver Bolt
Press: ? - help, Shift-Dir - straight line, f/p - boulder beetle
Aim: a boulder beetle (moderately wounded, ally target, 100% to hit)
The bolt of dispelling energy hits the boulder beetle.
The boulder beetle is moderately wounded.
The boulder beetle curls into a ball and begins rolling!
Okay, then.
Casting: Blink (safe; 1% risk of failure)
Confirm with . or Enter, or press ? or * to list all spells.
You blink.
The boulder beetle hits you!!
Ouch! That really hurt!
You die...
Your body crumbles into a pile of gold.

##'### $ #..# ##.#
#.# #.# #.# ###>##
####+## #....####
#..B.ยง# #.......###
#..@..+
#....##...####....)#
$
#....####....'....9#
#....# ######.....#
#....# #.....#
###.## ####'## ..#
#...# .# #'###
#...$..#


You could see a boulder beetle (rolling, ally target) and a friendly guardian
golem (summoned, inner flame).

Vanquished Creatures
  A yak (D:8)
  A water moccasin zombie (Ossuary)
  A killer bee (D:5)
  An orc priest (D:7)
  3 orc wizards
  A dart slug (D:2)
  2 orcs
  A giant cockroach (D:3)
  A goblin (D:4)
  A kobold (D:1)
  A quokka (D:4)
  A bat (D:1)
  A frilled lizard (D:2)
16 creatures vanquished.

Vanquished Creatures (collateral kills)
  2 cyclopes (D:8)
  Maurice (D:8)
  Psyche (D:8)
  2 trolls (D:10)
  2 hornets
  Prince Ribbit (D:8)
  Sigmund (D:2)
  A vampire (D:10)
  A wyvern (D:10)
  2 yaks (D:8)
  2 steam dragons
  2 vampire mosquitoes (D:10)
  4 water moccasins
  A sky beast (D:8)
  An orc warrior (D:7)
  An ice beast (D:6)
  2 ogres
  2 centaurs
  A phantom (D:6)
  4 bullfrogs
  3 necrophages
  2 scorpions
  3 water moccasin zombies (Ossuary)
  A gnoll sergeant (D:8)
  2 wights
  2 jellies
  3 hounds
  9 orc priests
  5 iguanas
  13 orc wizards
  2 mummies
  6 adders
  5 gnolls
  A worm (D:2)
  2 adder zombies (Ossuary)
  4 dart slugs
  32 orcs
  5 ball pythons
  5 endoplasms
  6 giant cockroaches
  6 goblins
  6 hobgoblins
  2 jackals (D:5)
  4 kobolds
  A quokka (D:1)
  5 frilled lizards
  A gnoll zombie (Ossuary)
  5 hobgoblin zombies (Ossuary)
  6 kobold zombies
  5 orc zombies
  A rat (D:1)
187 creatures vanquished.

Vanquished Creatures (others)
  A two-headed ogre (D:10)
  Maggie (D:7)
  A yak (D:8)
  2 ice beasts (D:7)
  A necrophage (D:4)
  A water moccasin zombie (Ossuary)
  5 wights
  5 killer bees (D:5)
  A gnoll bouda (D:5)
  A jelly (D:5)
  Crazy Yiuf (D:7)
  An orc priest (D:4)
  An orc wizard (D:5)
  2 mummies (Ossuary)
  2 gnolls (D:5)
  A white imp (D:5)
  2 orcs
  An endoplasm (D:4)
  A jackal (D:5)
  A hobgoblin zombie (Ossuary)
  An orc zombie (Ossuary)
  4 fungi (D:5)
37 creatures vanquished.

Grand Total: 240 creatures vanquished

Notes
Turn   | Place    | Note
-------+----------+-------------------------------------------
     0 | D:1      | arthad the Felid Summoner began the quest for the Orb.
     0 | D:1      | Reached XP level 1. HP: 7/7 MP: 4/4
   278 | D:1      | Reached XP level 2. HP: 11/11 MP: 4/6
   281 | D:1      | Learned a level 2 spell: Call Imp
  1007 | D:1      | Found an ancient bone altar of Kikubaaqudgha.
  1062 | D:2      | Reached skill level 5 in Summonings
  1073 | D:2      | Reached XP level 3. HP: 14/14 MP: 4/7
  1077 | D:2      | Learned a level 3 spell: Call Canine Familiar
  1367 | D:2      | Noticed Sigmund
  1381 | D:2      | Killed Sigmund
  1382 | D:2      | Reached XP level 4. HP: 18/18 MP: 1/9
  1382 | D:2      | Reached XP level 5. HP: 21/21 MP: 1/10
  1621 | D:2      | Found a radiant altar of Vehumet.
  1855 | D:2      | Learned a level 3 spell: Summon Guardian Golem
  2037 | D:3      | Noticed an ogre
  2074 | D:3      | Killed an ogre
  2075 | D:3      | Gained mutation: You are covered in thick fur. (AC +2)
                  | [Felid growth]
  2075 | D:3      | Reached XP level 6. HP: 23/25 MP: 1/12
  2647 | D:3      | Found an iron altar of Okawaru.
  3140 | D:4      | Reached skill level 6 in Summonings
  3140 | D:4      | Reached skill level 1 in Translocations
  3581 | D:4      | Reached skill level 1 in Fighting
  3581 | D:4      | Reached XP level 7. HP: 26/28 MP: 5/13
  3594 | D:4      | Reached skill level 1 in Unarmed Combat
  3594 | D:4      | Reached skill level 1 in Air Magic
  3768 | D:4      | Found a snail-covered altar of Cheibriados.
  3839 | D:5      | Entered Level 5 of the Dungeon
  3855 | D:5      | Identified a scroll of acquirement
  3855 | D:5      | Acquired 900 gold pieces
  3984 | D:5      | Reached skill level 5 in Hexes
  3993 | D:5      | Found a sand-covered staircase.
  4006 | Ossuary  | Entered an ossuary
  4106 | Ossuary  | Learned a level 2 spell: Blink
  4404 | Ossuary  | Reached XP level 8. HP: 33/33 MP: 10/15
  4904 | D:5      | Reached skill level 7 in Summonings
  5016 | D:5      | Found a burning altar of Makhleb.
  5159 | D:5      | You fall into a shaft and drop 2 floors!
  5160 | D:7      | Found the +7 sceptre of Torment {pain, torment}
  5190 | D:7      | Noticed Maggie
  5203 | D:7      | Reached skill level 5 in Spellcasting
  5366 | D:7      | Learned a level 4 spell: Summon Lightning Spire
  5505 | D:7      | Killed Maggie
  5506 | D:7      | Reached skill level 5 in Dodging
  5506 | D:7      | Reached XP level 9. HP: 18/37 MP: 4/18
  5839 | D:6      | Found a staircase to the Ecumenical Temple.
  5852 | Temple   | Entered the Ecumenical Temple
  5976 | Temple   | Became a worshipper of Gozag Ym Sagoz the Greedy
  6145 | D:5      | Killed from afar by a white imp
  6146 | D:5      | Reached XP level 8. HP: -2/34 MP: 5/17
  6519 | D:6      | Reached skill level 5 in Translocations
  6625 | D:6      | Reached skill level 8 in Summonings
  7509 | D:7      | Reached XP level 9. HP: 39/39 MP: 14/19
  7992 | D:7      | Found a runed translucent door.
  7993 | D:7      | Noticed Crazy Yiuf
  8391 | D:7      | Learned a level 4 spell: Manifold Assault
  8457 | D:7      | Killed Crazy Yiuf
  8525 | D:8      | Noticed Psyche
  8536 | D:8      | Killed Psyche
  8617 | D:8      | Reached skill level 1 in Transmutations
  8620 | D:8      | Noticed Prince Ribbit
  8772 | D:8      | Killed Prince Ribbit
  8788 | D:8      | Reached skill level 1 in Evocations
  9015 | D:8      | Noticed a cyclops
  9022 | D:8      | Noticed a cyclops
  9024 | D:8      | Killed a cyclops
  9025 | D:8      | Reached XP level 10. HP: 43/43 MP: 11/21
  9044 | D:8      | Killed a cyclops
  9044 | D:8      | Killed from afar by an orc wizard
  9045 | D:8      | Reached XP level 9. HP: -4/39 MP: 1/20
  9233 | D:8      | Noticed Maurice
  9246 | D:8      | Killed Maurice
  9247 | D:8      | Reached skill level 9 in Summonings
  9442 | D:8      | Identified the +7 shortbow of the Shoals {drain, Fly Str+2
                  | Stlth+}
 10744 | D:10     | Entered Level 10 of the Dungeon
 10763 | D:10     | Reached XP level 10. HP: 43/43 MP: 9/21
 10939 | D:10     | Noticed a lindwurm
 10957 | D:10     | Noticed a two-headed ogre
 10968 | D:10     | Killed a two-headed ogre
 10969 | D:10     | Reached skill level 5 in Air Magic
 11430 | D:10     | Learned a level 3 spell: Tukima's Dance
 11532 | D:10     | Found a sparkling altar of Nemelex Xobeh.
 11532 | D:10     | Found a transporter.
 11533 | D:10     | Noticed a yaktaur captain
 11534 | D:10     | Noticed an ogre mage
 11791 | D:10     | Noticed a lindwurm
 11800 | D:10     | Noticed a lindwurm
 11802 | D:10     | Noticed a lindwurm
 11814 | D:10     | Killed from afar by a lindwurm
 11815 | D:10     | Reached XP level 9. HP: -21/40 MP: 13/21
 12113 | D:11     | Noticed a boulder beetle
 12154 | D:11     | Demolished by a boulder beetle

Illustrated notes

Levels and vault maps discovered:
D:1:      dpeg_arrival_water_altar, layout_rooms
D:2:      layout_loops_ring, basic_altar, uniq_sigmund
D:3:      layout_basic, okawaru_gym_becter
D:4:      layout_basic, slow_altar_2
D:5:      layout_basic, general_overflow_altar, nicolae_ossuary_entry_giza,
          water_boxes_lemuel
D:6:      layout_gridville, minmay_temple_entry_statues_fountains,
          solitary_fountain
D:7:      layout_basic, uniq_crazy_yiuf_cottage, uniq_maggie
D:8:      layout_gridville, minmay_radiant, uniq_maurice, uniq_prince_ribbit1,
          uniq_psyche
D:9:      layout_loops_ring, hangedman_decor_points
D:10:     layout_irregular_city, grunt_nemelex_the_gamble, minmay_lindwurm_lava
D:11:     layout_roguey, dpeg_oklobed_lair, serial_shops, kennysheep_mini
Temple:   nicolae_temple_two_arcs

Skill      XL: |  1  2  3  4  5  6  7  8  9 10 |
---------------+-------------------------------+-----
Summonings     | 5 6 8 9 |  9.3
Spellcasting   | 3 4 6 7 |  7.5
Hexes          | 3 4 5 |  5.0
Dodging        | 3 4 5 7 |  7.2
Translocations | 1 2 5 6 7 |  7.0
Fighting       | 1 3 4 |  4.8
Unarmed Combat | 1 3 4 |  4.8
Air Magic      | 1 2 4 5 |  5.2
Transmutations | 3 4 |  4.4
Evocations     | 2 |  2.5
Stealth        | |  2.6

Action                     |  1- 3 |  4- 6 |  7- 9 | 10-12 || total
---------------------------+-------+-------+-------+-------++-------
  Melee: Unarmed           |    13 |    19 |    32 |       ||    64
         Bite              |     2 |     3 |     5 |       ||    10
   Cast: Summon Small Mamm |    32 |     7 |    16 |       ||    55
         Call Imp          |     9 |     9 |    32 |     1 ||    51
         Call Canine Famil |     3 |    20 |    63 |     6 ||    92
         Summon Guardian G |       |     6 |    61 |     6 ||    73
         Blink             |       |       |    12 |     2 ||    14
         Summon Lightning  |       |       |    34 |    12 ||    46
  Evoke: Wand              |       |     1 |    13 |     2 ||    16
    Use: Potion            |       |     2 |    11 |       ||    13
         Scroll            |       |       |    15 |     1 ||    16
   Stab: Sleeping          |     2 |       |       |       ||     2
 Armour: Skin              |     1 |     6 |     4 |       ||    11
  Dodge: Dodged            |    24 |    34 |    84 |     4 ||   146

Table legend: (Time is in decaauts)
 A = Elapsed time spent in this place.
 B = Non-inter-level travel time spent in this place.
 C = Inter-level travel time spent in this place.
 D = Time resting spent in this place.
 E = Time spent auto-exploring this place.
 F = Levels seen in this place.
 G = Mean time per level.
                   A        B        C        D        E       F      G
               +--------+--------+--------+--------+--------+-----+--------+
         Total |  10925 |  10648 |    277 |    324 |   7845 |  13 |  840.4 |
       Dungeon |  10238 |   9961 |    277 |    324 |   7383 |  11 |  930.7 |
        Temple |    108 |    108 |      0 |      0 |     83 |   1 |  108.0 |
       Ossuary |    578 |    578 |      0 |      0 |    378 |   1 |  578.0 |
               +--------+--------+--------+--------+--------+-----+--------+

Top non-repeatable levels by time:
     D:7: 1562 daAuts
     D:6: 1066 daAuts
     D:5: 1047 daAuts
    D:10: 1012 daAuts
     D:9: 1005 daAuts
     D:8: 972 daAuts
     D:1: 943 daAuts
     D:3: 870 daAuts
     D:4: 801 daAuts
     D:2: 798 daAuts
 Ossuary: 578 daAuts
    D:11: 159 daAuts
  Temple: 108 daAuts
